 Dungeon Crawl Stone Soup version 0.28-a0-1389-gc726bef33b (webtiles) character file.

Game seed: 1094900197852055634

1768 Grim the Basher (level 8, 0/64 HPs)
             Began as a Minotaur Berserker on Jan 3, 2022.
             Was a Priest of Trog.
             Slain by a sky beast (5 damage)
             ... on level 7 of the Dungeon.
             The game lasted 00:06:00 (5810 turns).

Grim the Basher (Minotaur Berserker)                Turns: 5810, Time: 00:06:01

Health: 0/64       AC:  5    Str: 22    XL:     8   Next: 80%
Magic:  7/7        EV: 11    Int:  6    God:    Trog [***...]
Gold:   259        SH:  0    Dex: 16    Spells: 7/7 levels left

rFire   . . .      SeeInvis .   i - +0 morningstar
rCold   . . .      Faith    .   (no shield)
rNeg    . . .      Spirit   .   j - +0 ring mail
rPois   .          Reflect  .   l - +0 hat
rElec   .          Harm     .   (no cloak)
rCorr   .          Rampage  .   (no gloves)
Will    .....                   (no boots)
Stlth   +.........              (no amulet)
HPRegen 0.20/turn               d - +6 ring of dexterity
MPRegen 0.10/turn               (no ring)

@: on berserk cooldown, slowed, very slow
A: horns 2, retaliatory headbutt
a: Renounce Religion, Berserk, Trog's Hand


You were on level 7 of the Dungeon.
You worshipped Trog.
Trog was most pleased with you.
You visited 1 branch of the dungeon, and saw 7 of its levels.

You collected 259 gold pieces.

Inventory:

Hand Weapons
 a - a +0 mace
 i - a +0 morningstar (weapon)
Missiles
 h - 42 bolts
 m - 6 silver javelins (quivered)
 t - 2 boomerangs
 B - 16 poisoned darts
Armour
 b - a +0 animal skin
 j - a +0 ring mail (worn)
 l - a +0 hat (worn)
Jewellery
 d - a +6 ring of dexterity (left hand)
 o - a ring of ice
 w - a +6 ring of intelligence
Wands
 k - a wand of acid (21)
 y - a wand of flame (24)
Scrolls
 c - 5 scrolls of identify {unknown}
 e - 2 scrolls of teleportation {unknown}
 f - a scroll of magic mapping {unknown}
 g - a scroll of fog {unknown}
 r - a scroll of enchant armour {unknown}
 s - a scroll of blinking {unknown}
 u - a scroll of holy word {unknown}
 z - 2 scrolls of vulnerability {unknown}
Potions
 n - 2 potions of lignification {unknown}
 p - a potion of cancellation {unknown}
 q - a potion of curing {unknown}
 v - 2 potions of attraction {unknown}
 x - a potion of brilliance {unknown}
 A - a potion of haste {unknown}
 C - a potion of heal wounds {unknown}
 D - a potion of might {unknown}


   Skills:
 - Level 3.6 Fighting
 + Level 13.8 Maces & Flails
 - Level 2.4 Armour
 - Level 2.1 Dodging


You had 7 spell levels left.
You didn't know any spells.
Your spell library was empty.

Dungeon Overview and Level Annotations

Branches:
Dungeon (7/15)             Temple (0/1) D:4

Altars:
Ashenzari
Kikubaaqudgha
Makhleb
Sif Muna
Vehumet

Shops:
D:5 (


Innate Abilities, Weirdness & Mutations

You have a pair of horns on your head.
You reflexively headbutt those who attack you in melee.


Message History

The sky beast flickers out of sight!
Deactivating autopickup; reactivate with Ctrl-A.
You impale the white imp!!
You kill the white imp!
Trog accepts your kill.
You are no longer berserk.
You are exhausted.
You feel yourself slow down. Something hits you but does no damage.
Things that are here:
a +0 halberd; a gnoll corpse
Found a scale mail and 20 gold pieces.
Something hits you but does no damage.
Something hits you but does no damage. x2
Things that are here:
a +0 halberd; a gnoll corpse You sock something!
A sky beast appears from thin air!
Reactivating autopickup.
The sky beast closely misses you. You furiously retaliate!
You headbutt the sky beast. You closely miss the sky beast.
The sky beast is heavily wounded.
The sky beast flickers out of sight!
Deactivating autopickup; reactivate with Ctrl-A.
Something hits you.
* * * LOW HITPOINT WARNING * * *
Something shocks you.
* * * LOW HITPOINT WARNING * * *
You're still recovering from your berserk rage.
A sky beast appears from thin air!
Reactivating autopickup.
The sky beast hits you.
* * * LOW HITPOINT WARNING * * *
The sky beast shocks you.
* * * LOW HITPOINT WARNING * * *
Items here: )) [ †.
You hit the sky beast. Your headbutt misses the sky beast.
The sky beast is severely wounded.
The sky beast hits you.
* * * LOW HITPOINT WARNING * * *
The sky beast shocks you.
You die...

......... ..#.#
#. #....... ..#.#
$. . #....[#
#.#.# #. ..
#....# #.#.# [
... ....###.#.#
.#....
#......#.##......
#.<#.#.#§........
#..#......Y)...#
#.........@....#
#.##.##....#####
# #. #$#.## #.
#.### .. ..#
...### .... #.


You could see a sky beast.

Vanquished Creatures
  A wyvern (D:7)
  A steam dragon (D:5)
  3 sky beasts
  An ogre (D:5)
  A phantom (D:6)
  A centaur (D:5)
  2 scorpions
  A water moccasin zombie (D:5)
  A wight (D:6)
  2 jellies (D:6)
  A bullfrog zombie (D:5)
  2 hounds (D:6)
  2 gnoll shamans
  2 iguanas (D:5)
  2 bullfrog skeletons
  5 orc wizards
  A hound skeleton (D:5)
  12 gnolls
  11 adders
  A white imp (D:7)
  2 ufetubi (D:6)
  2 worms (D:1)
  2 dart slugs
  10 orcs
  6 ball pythons
  5 endoplasms
  3 giant cockroaches
  7 goblins
  8 hobgoblins
  2 jackals (D:3)
  4 quokkas
  5 bats
  3 frilled lizards (D:1)
  5 kobolds
  7 rats
124 creatures vanquished.

Vanquished Creatures (others)
  5 fungi (D:4)
5 creatures vanquished.

Grand Total: 129 creatures vanquished

Notes
Turn   | Place    | Note
-------+----------+-------------------------------------------
     0 | D:1      | Grim the Minotaur Berserker began the quest for the Orb.
     0 | D:1      | Reached XP level 1. HP: 19/19 MP: 0/0
    24 | D:1      | Reached skill level 4 in Maces & Flails
   219 | D:1      | Reached XP level 2. HP: 26/26 MP: 1/1
   564 | D:1      | Reached skill level 5 in Maces & Flails
   618 | D:2      | Reached XP level 3. HP: 31/31 MP: 2/2
   657 | D:2      | Reached ** piety under Trog
   684 | D:2      | You fall into a shaft and drop 2 floors!
  1148 | D:2      | Reached skill level 6 in Maces & Flails
  1148 | D:2      | Reached XP level 4. HP: 32/39 MP: 3/3
  2060 | D:4      | Found a staircase to the Ecumenical Temple.
  2087 | D:4      | Found a broken altar of Ashenzari.
  2107 | D:4      | Reached XP level 5. HP: 40/45 MP: 4/4
  2109 | D:4      | Reached skill level 7 in Maces & Flails
  2320 | D:4      | Found a burning altar of Makhleb.
  2684 | D:5      | Entered Level 5 of the Dungeon
  2855 | D:5      | Reached *** piety under Trog
  2940 | D:5      | Reached skill level 8 in Maces & Flails
  2943 | D:5      | Reached XP level 6. HP: 51/51 MP: 5/5
  3030 | D:5      | Noticed a steam dragon
  3039 | D:5      | Killed a steam dragon
  3040 | D:5      | Reached skill level 9 in Maces & Flails
  3109 | D:5      | Found Lofilirul's Antique Weapon Shop.
  3291 | D:5      | Reached skill level 10 in Maces & Flails
  3291 | D:5      | Reached XP level 7. HP: 49/57 MP: 6/6
  4293 | D:6      | Reached skill level 11 in Maces & Flails
  4408 | D:6      | Reached XP level 8. HP: 47/64 MP: 7/7
  4546 | D:6      | Reached skill level 12 in Maces & Flails
  4851 | D:6      | Reached skill level 13 in Maces & Flails
  4885 | D:6      | Found a radiant altar of Vehumet.
  4930 | D:6      | Found an ancient bone altar of Kikubaaqudgha.
  4940 | D:6      | Found a shimmering blue altar of Sif Muna.
  5810 | D:7      | Slain by a sky beast

Illustrated notes

Levels and vault maps discovered:
D:1:      beargit_arrival_greenhouse, layout_rooms, st_stairs_14,
          nicolae_wormholes
D:2:      layout_rooms, corexii_corridor_pit
D:3:      layout_rooms
D:4:      layout_rooms, nicolae_ashenzari_skybound, lightli_temple_of_fire,
          minmay_temple_entry_wispy, serial_aquarium, aquarium_bridge_square
          [aquarium_subvault_wall, aquarium_subvault_bridge,
          aquarium_subvault_window, aquarium_subvault_window],
          aquarium_bridge_island_small [aquarium_subvault_small_water,
          aquarium_subvault_bridge, aquarium_subvault_bridge,
          aquarium_subvault_bridge, aquarium_subvault_bridge],
          aquarium_window_corridor_3, aquarium_window_fake,
          aquarium_window_fake, aquarium_window_1, aquarium_view_2b,
          aquarium_view_2d
D:5:      layout_basic, serial_shops,
          nicolae_shop_temple_entry_statues_fountains, st_stairs_4
D:6:      minmay_recursive_quarters, layout_loops_cross,
          palyth_temple_overflow_mages
D:7:      layout_loops_ring, slow_altar_2, lemuel_coloured_pillars_altar,
          uniq_prince_ribbit1

Skill      XL: |  1  2  3  4  5  6  7  8 |
---------------+-------------------------+-----
Maces & Flails | 4 5 6 8 10 11 13 | 13.8
Fighting       | |  3.6
Armour         | |  2.4
Dodging        | |  2.1

Action                   |  1- 3 |  4- 6 |  7- 9 || total
-------------------------+-------+-------+-------++-------
Melee: Mace              |    25 |       |       ||    25
       Headbutt          |     7 |    17 |    26 ||    50
       Morningstar       |    43 |    76 |   102 ||   221
Invok: Berserk           |     1 |     3 |     5 ||     9
       Trog's Hand       |       |       |     2 ||     2
 Stab: Sleeping          |     2 |       |       ||     2
Armor: Animal skin       |     4 |       |       ||     4
       Ring mail         |    19 |    23 |    36 ||    78
Dodge: Dodged            |    54 |    35 |    36 ||   125

Table legend: (Time is in decaauts)
 A = Elapsed time spent in this place.
 B = Non-inter-level travel time spent in this place.
 C = Inter-level travel time spent in this place.
 D = Time resting spent in this place.
 E = Time spent auto-exploring this place.
 F = Levels seen in this place.
 G = Mean time per level.
                   A        B        C        D        E       F      G
               +--------+--------+--------+--------+--------+-----+--------+
         Total |   5897 |   5694 |    203 |   1297 |   3623 |   7 |  842.4 |
       Dungeon |   5897 |   5694 |    203 |   1297 |   3623 |   7 |  842.4 |
               +--------+--------+--------+--------+--------+-----+--------+

Top non-repeatable levels by time:
     D:5: 1891 daAuts
     D:6: 1271 daAuts
     D:3: 781 daAuts
     D:4: 698 daAuts
     D:1: 622 daAuts
     D:2: 611 daAuts
     D:7: 21 daAuts
